IL
RENO ACES @ INDIANAPOLIS INDIANS
08/08/2048
 
TOP OF THE 1ST
Reno Aces batting - Pitching for Indianapolis Indians : RHP Curt Campbell
Pitching: RHP Curt Campbell
Batting: SHB Carlos Rodriguez 0-0: Ball
1-0: Ground out U3 (Groundball, 3, EV 91.9 MPH)
Batting: LHB Ian Jarvis 0-0: Ball
1-0: Foul Ball, location: 2F
1-1: Ball
2-1: SINGLE (Groundball, 6MD, EV 98.8 MPH)
Batting: LHB Jeff Densmore 0-0: Called Strike
0-1: Grounds into double play, 6-4-3 (Groundball, 6, EV 96.9 MPH)
Top of the 1st over - 0 runs, 1 hit, 0 errors, 0 left on base; Reno 0 - Indianapolis 0
BOTTOM OF THE 1ST
Indianapolis Indians batting - Pitching for Reno Aces : RHP Takaaki Nakada
Pitching: RHP Takaaki Nakada
Batting: RHB Jason Gee 0-0: Ball
1-0: Ball
2-0: Ball
3-0: Base on Balls
Batting: RHB Bubba Tierney 0-0: Ball
1-0: Ball
2-0: Called Strike
2-1: Ball
3-1: Base on Balls
Jason Gee to second
Batting: LHB Edwin Aguilar 0-0: Called Strike
Jason Gee steals 3rd base
Bubba Tierney to second
0-1: Called Strike
0-2: Ground out 4-3 (Groundball, 34, EV 103.8 MPH)
Jason Gee scores
Bubba Tierney to third
Batting: RHB Luis Ramos 0-0: Called Strike
0-1: SINGLE (Groundball, 56S, EV 68.8 MPH) (infield hit)
Bubba Tierney scores
Batting: RHB Caleb Russell 0-0: Swinging Strike
0-1: Grounds into double play, 2-4-3 (Groundball, 2L, EV 65.0 MPH)
Bottom of the 1st over - 2 runs, 1 hit, 0 errors, 0 left on base; Reno 0 - Indianapolis 2
TOP OF THE 2ND
Reno Aces batting - Pitching for Indianapolis Indians : RHP Curt Campbell
Batting: SHB Gerardo Flores 0-0: Ball
1-0: Ground out 6-3 (Groundball, 4, EV 80.0 MPH)
Batting: RHB Justin McQuarter 0-0: Called Strike
0-1: Foul Ball, location: 2F
0-2: Strikes out looking
Batting: RHB Danny Gerardo 0-0: Foul Ball, location: 2F
0-1: Foul Ball, location: 2F
0-2: Foul Ball, location: 2F
0-2: Foul Ball, location: 2F
0-2: Strikes out swinging
Top of the 2nd over - 0 runs, 0 hits, 0 errors, 0 left on base; Reno 0 - Indianapolis 2
BOTTOM OF THE 2ND
Indianapolis Indians batting - Pitching for Reno Aces : RHP Takaaki Nakada
Batting: LHB Jorge Quintana 0-0: Called Strike
0-1: Ball
1-1: Foul Ball, location: 2F
1-2: Foul Ball, location: 2F
1-2: SINGLE (Groundball, 34D, EV 96.2 MPH)
Batting: RHB Richard Barrios 0-0: Ball
1-0: Ball
2-0: Called Strike
2-1: Ball
3-1: Fielders Choice at 2nd, 1-4 (Groundball, 15S, EV 67.5 MPH)
Batting: RHB Isaiah Yarbrough 0-0: Called Strike
0-1: Ground out 6-3 (Groundball, 6MD, EV 99.4 MPH)
Richard Barrios to second
Batting: RHB Matt Keef 0-0: Ball
1-0: Foul Ball, location: 2F
1-1: Called Strike
1-2: SINGLE (Flyball, 3D, EV 93.1 MPH)
Richard Barrios to third
Batting: RHB Jason Gee 0-0: Ball
1-0: Called Strike
1-1: Ball
2-1: Swinging Strike
2-2: Strikes out swinging
Bottom of the 2nd over - 0 runs, 2 hits, 0 errors, 2 left on base; Reno 0 - Indianapolis 2
TOP OF THE 3RD
Reno Aces batting - Pitching for Indianapolis Indians : RHP Curt Campbell
Batting: RHB Dustin Clark 0-0: Ball
1-0: Called Strike
1-1: Ball
2-1: Called Strike
2-2: SINGLE (Flyball, 78S, EV 89.4 MPH)
Batting: RHB Jonathan Lugo Balk!
Dustin Clark to second
0-0: Called Strike
0-1: Swinging Strike
0-2: Foul Ball, location: 2F
0-2: Ball
1-2: Ball
2-2: Fly out, F7 (Flyball, 7D, EV 83.8 MPH)
Runner from 2nd tags up, SAFE at 3rd, no throw by LF
Batting: RHB Dan Boylan 0-0: Called Strike
0-1: Ball
1-1: Swinging Strike
1-2: Foul Ball, location: 2F
1-2: Foul Ball, location: 2F
1-2: Ball
2-2: Foul Ball, location: 2F
2-2: Ground out 4-3 (Groundball, 4M, EV 106.2 MPH)
Dustin Clark scores
Batting: SHB Carlos Rodriguez 0-0: Foul Ball, location: 2F
0-1: Ball
1-1: Foul Ball, location: 2F
1-2: Foul Ball, location: 2F
1-2: Ball
2-2: Ball
3-2: Base on Balls
Batting: LHB Ian Jarvis 0-0: Ball
1-0: Foul Ball, location: 2F
1-1: Foul Ball, location: 2F
1-2: Strikes out swinging
Top of the 3rd over - 1 run, 1 hit, 0 errors, 1 left on base; Reno 1 - Indianapolis 2
BOTTOM OF THE 3RD
Indianapolis Indians batting - Pitching for Reno Aces : RHP Takaaki Nakada
Batting: RHB Bubba Tierney 0-0: Ground out U3 (Groundball, 3S, EV 62.5 MPH)
Batting: LHB Edwin Aguilar 0-0: Ball
1-0: Called Strike
1-1: Ball
2-1: Swinging Strike
2-2: Ball
3-2: Fly out, F9 (Flyball, 89M, EV 91.2 MPH)
Batting: RHB Luis Ramos 0-0: SINGLE (Groundball, 6MD, EV 95.0 MPH)
Batting: RHB Caleb Russell 0-0: Called Strike
0-1: Ground out 6-3 (Groundball, 6S, EV 85.6 MPH)
Bottom of the 3rd over - 0 runs, 1 hit, 0 errors, 1 left on base; Reno 1 - Indianapolis 2
TOP OF THE 4TH
Reno Aces batting - Pitching for Indianapolis Indians : RHP Curt Campbell
Batting: LHB Jeff Densmore 0-0: Ball
1-0: Ball
2-0: Ball
3-0: Base on Balls
Batting: SHB Gerardo Flores 0-0: Called Strike
Jeff Densmore steals 2nd base
0-1: Foul Ball, location: 2F
0-2: Foul Ball, location: 2F
0-2: Ball
1-2: Ball
2-2: Strikes out looking
Batting: RHB Justin McQuarter 0-0: Ball
1-0: Fly out, F9 (Flyball, 89S, EV 76.9 MPH)
Batting: RHB Danny Gerardo 0-0: Called Strike
0-1: Ball
1-1: SINGLE (Flyball, 8LS, EV 93.8 MPH)
Jeff Densmore to third
Runner from 3rd tries for Home, throw by CF and OUT! 8-2
Top of the 4th over - 0 runs, 1 hit, 0 errors, 1 left on base; Reno 1 - Indianapolis 2
BOTTOM OF THE 4TH
Indianapolis Indians batting - Pitching for Reno Aces : RHP Takaaki Nakada
Batting: LHB Jorge Quintana 0-0: Fly out, F7 (Flyball, 7LS, EV 85.0 MPH)
Batting: RHB Richard Barrios 0-0: Ball
1-0: Swinging Strike
1-1: Foul Ball, location: 2F
1-2: Ball
2-2: Ball
3-2: Foul Ball, location: 2F
3-2: Base on Balls
Batting: RHB Isaiah Yarbrough 0-0: Called Strike
0-1: Ball
1-1: Ball
2-1: Ball
3-1: Foul Ball, location: 2F
3-2: Base on Balls
Richard Barrios to second
Batting: RHB Matt Keef 0-0: Ball
Richard Barrios steals 3rd base
1-0: Called Strike
1-1: Ball
2-1: Called Strike
2-2: Ball
3-2: Fly out, F9 (Flyball, 9, EV 94.4 MPH)
Batting: RHB Jason Gee 0-0: Swinging Strike
0-1: Ball
1-1: Foul Ball, location: 2F
1-2: Ball
2-2: Strikes out swinging
Bottom of the 4th over - 0 runs, 0 hits, 0 errors, 2 left on base; Reno 1 - Indianapolis 2
TOP OF THE 5TH
Reno Aces batting - Pitching for Indianapolis Indians : RHP Curt Campbell
Batting: RHB Dustin Clark 0-0: Ball
1-0: Foul Ball, location: 2F
1-1: Hit by Pitch
Batting: RHB Jonathan Lugo 0-0: Ball
1-0: Foul Ball, location: 2F
1-1: Grounds into double play, 4-6-3 (Groundball, 34, EV 89.4 MPH)
Batting: RHB Dan Boylan 0-0: Ball
1-0: Ball
2-0: Ball
3-0: Called Strike
3-1: Base on Balls
Batting: SHB Carlos Rodriguez 0-0: Called Strike
Dan Boylan is caught stealing 2nd base 2-6
Top of the 5th over - 0 runs, 0 hits, 0 errors, 0 left on base; Reno 1 - Indianapolis 2
BOTTOM OF THE 5TH
Indianapolis Indians batting - Pitching for Reno Aces : RHP Takaaki Nakada
Batting: RHB Bubba Tierney 0-0: Ball
1-0: Ball
2-0: Fly out, F6 (Line Drive, 6, EV 71.2 MPH)
Batting: LHB Edwin Aguilar 0-0: Ball
1-0: Called Strike
1-1: Ball
2-1: Foul Ball, location: 2F
2-2: Ball
3-2: Fly out, F8 (Flyball, 8LM, EV 76.2 MPH)
Batting: RHB Luis Ramos 0-0: Ball
1-0: Ball
2-0: Ball
3-0: Called Strike
3-1: Foul Ball, location: 2F
3-2: Strikes out swinging
Bottom of the 5th over - 0 runs, 0 hits, 0 errors, 0 left on base; Reno 1 - Indianapolis 2
TOP OF THE 6TH
Reno Aces batting - Pitching for Indianapolis Indians : RHP Curt Campbell
Batting: SHB Carlos Rodriguez 0-0: Bunt missed!
0-1: Foul Ball, location: 2F
0-2: Fly out, F9 (Flyball, 9LD, EV 85.6 MPH)
Batting: LHB Ian Jarvis 0-0: Foul Ball, location: 2F
0-1: Ball
1-1: Called Strike
1-2: Ball
2-2: Ball
3-2: Base on Balls
Batting: LHB Jeff Densmore 0-0: SINGLE (Groundball, 56S, EV 73.1 MPH) (infield hit)
Ian Jarvis to second
Batting: SHB Gerardo Flores 0-0: Foul Ball, location: 2F
0-1: Ball
1-1: Fly out, F9 (Flyball, 9S, EV 95.0 MPH)
Batting: RHB Justin McQuarter 0-0: Ball
1-0: Ball
2-0: Called Strike
2-1: Fly out, F9 (Flyball, 89S, EV 82.5 MPH)
Top of the 6th over - 0 runs, 1 hit, 0 errors, 2 left on base; Reno 1 - Indianapolis 2
BOTTOM OF THE 6TH
Indianapolis Indians batting - Pitching for Reno Aces : RHP Takaaki Nakada
Batting: RHB Caleb Russell 0-0: Ground out 5-3 (Groundball, 56, EV 98.1 MPH)
Batting: LHB Jorge Quintana 0-0: Ball
1-0: Swinging Strike
1-1: Ball
2-1: Ball
3-1: Ground out 5-3 (Groundball, 56S, EV 79.4 MPH)
Batting: RHB Richard Barrios 0-0: Foul Ball, location: 2F
0-1: Fly out, F9 (Flyball, 9LM, EV 95.6 MPH)
Bottom of the 6th over - 0 runs, 0 hits, 0 errors, 0 left on base; Reno 1 - Indianapolis 2
TOP OF THE 7TH
Reno Aces batting - Pitching for Indianapolis Indians : RHP Curt Campbell
Batting: RHB Danny Gerardo 0-0: Fly out, F8 (Flyball, 78M, EV 87.5 MPH)
Batting: RHB Dustin Clark 0-0: Ball
1-0: Ball
2-0: Ball
3-0: Called Strike
3-1: Foul Ball, location: 2F
3-2: Ground out 5-3 (Groundball, 56S, EV 72.5 MPH)
Batting: RHB Jonathan Lugo 0-0: Ball
1-0: SINGLE (Groundball, 6MD, EV 103.1 MPH)
Batting: RHB Dan Boylan 0-0: Ball
1-0: Ball
2-0: Called Strike
2-1: Foul Ball, location: 2F
2-2: Ball
3-2: Strikes out swinging
Top of the 7th over - 0 runs, 1 hit, 0 errors, 1 left on base; Reno 1 - Indianapolis 2
BOTTOM OF THE 7TH
Indianapolis Indians batting - Pitching for Reno Aces : RHP Takaaki Nakada
Pitching: RHP Nick Burcham
Batting: RHB Isaiah Yarbrough 0-0: Ball
1-0: Ball
2-0: Fly out, F9 (Flyball, 89XD, EV 99.4 MPH)
Batting: RHB Matt Keef 0-0: Foul Ball, location: 2F
0-1: Ball
1-1: Swinging Strike
1-2: Ball
2-2: Fly out, F9 (Flyball, 9LS, EV 94.4 MPH)
Batting: RHB Jason Gee 0-0: Called Strike
0-1: SINGLE (Groundball, 3D, EV 108.8 MPH)
Batting: RHB Bubba Tierney 0-0: Fly out, F5 (Popup, 5SF, EV 65.0 MPH)
Bottom of the 7th over - 0 runs, 1 hit, 0 errors, 1 left on base; Reno 1 - Indianapolis 2
TOP OF THE 8TH
Reno Aces batting - Pitching for Indianapolis Indians : RHP Curt Campbell
Pitching: RHP Hugo Rodriguez
Batting: SHB Carlos Rodriguez 0-0: Ball
1-0: Ball
2-0: Ball
3-0: Base on Balls
Batting: LHB Ian Jarvis 0-0: Bunted foul
0-1: Ball
1-1: Sac Bunt to 5S - play at first, batter OUT! 5-3
Carlos Rodriguez to second
Pitching: LHP Hideharu Omoto
Pinch Hitting: RHB Edgar Garcia 0-0: Ball
1-0: Ball
2-0: Called Strike
2-1: Foul Ball, location: 2F
2-2: Ball
3-2: Base on Balls
Batting: SHB Gerardo Flores 0-0: Ball
1-0: Foul Ball, location: 2F
1-1: Called Strike
1-2: Strikes out swinging
Batting: RHB Justin McQuarter 0-0: Foul Ball, location: 2F
0-1: Foul Ball, location: 2F
0-2: Ball
1-2: Strikes out swinging
Top of the 8th over - 0 runs, 0 hits, 0 errors, 2 left on base; Reno 1 - Indianapolis 2
BOTTOM OF THE 8TH
Indianapolis Indians batting - Pitching for Reno Aces : RHP Nick Burcham
Now in LF: Edgar Garcia
Batting: LHB Edwin Aguilar 0-0: Fly out, F7 (Flyball, 7D, EV 86.2 MPH)
Batting: RHB Luis Ramos 0-0: Fly out, F9 (Flyball, 9LMF, EV 103.1 MPH)
Batting: RHB Caleb Russell 0-0: Fly out, F9 (Flyball, 89M, EV 88.8 MPH)
Bottom of the 8th over - 0 runs, 0 hits, 0 errors, 0 left on base; Reno 1 - Indianapolis 2
TOP OF THE 9TH
Reno Aces batting - Pitching for Indianapolis Indians : LHP Hideharu Omoto
Pitching: RHP Robby Poyfair
Now at 1B: Slamet Pamungkas
Batting: RHB Danny Gerardo 0-0: Called Strike
0-1: Ball
1-1: Fly out, F7 (Flyball, 78S, EV 87.5 MPH)
Pinch Hitting: LHB Kevin Ferguson 0-0: Swinging Strike
0-1: Ball
1-1: Ball
2-1: Called Strike
2-2: Strikes out swinging
Pinch Hitting: LHB Steve Reinhart 0-0: Ground out 4-3 (Groundball, 34D, EV 100.0 MPH)
Top of the 9th over - 0 runs, 0 hits, 0 errors, 0 left on base; Reno 1 - Indianapolis 2
Tuesday, March 28th , 2023 - OOTP Baseball 23.10 Build 110